 Dungeon Crawl Stone Soup version 0.31-a0-229-g1fc7ce93e2 (webtiles) character file.

Game seed: 17251290449141415173

13 qw the Shooter (level 2, -1/24 HPs)
             Began as a Minotaur Hexslinger on July 6, 2023.
             Slain by an adder (2 damage)
             ... on level 1 of the Dungeon.
             The game lasted 00:00:08 (597 turns).

qw the Shooter (Minotaur Hexslinger)                 Turns: 597, Time: 00:00:09

Health: -1/24      AC:  3    Str: 12    XL:     2   Next: 24%
Magic:  2/2        EV: 11    Int: 10    God:
Gold:   93         SH:  0    Dex: 12    Spells: 2/3 levels left

rFire   . . .        a - +1 sling
rCold   . . .        (no shield)
rNeg    . . .        e - +0 leather armour
rPois   .            (helmet restricted)
rElec   .            (no cloak)
rCorr   .            (no gloves)
SInv    .            (no boots)
Will    .....        (no amulet)
Stlth   +            (no ring)
HPRegen 0.24/turn    (no ring)
MPRegen 0.08/turn

%: no passive effects
@: lethally poisoned (-1 -> -2)
A: horns 2, retaliatory headbutt
a: no special abilities


You were on level 1 of the Dungeon.
You visited 1 branch of the dungeon, and saw 2 of its levels.

You collected 93 gold pieces.


Innate Abilities, Weirdness & Mutations

You have a pair of horns on your head.
You reflexively headbutt those who attack you in melee.


   Skills:
 + Level 1.8 Fighting
 - Level 3.0 Ranged Weapons
 - Level 2.1 Dodging
 - Level 1.0 Spellcasting
 - Level 2.0 Hexes


You had 2 spell levels left.
You knew the following spells:

 Your Spells              Type           Power      Damage    Failure   Level
a - Slow                  Hex            16%        N/A       19%         1

Your spell library contained the following spells:

 Spells                   Type           Power      Damage    Failure   Level
 Inner Flame              Hex/Fire       2%         N/A       65%         3
 Portal Projectile        Hex/Tloc       4%         N/A       65%         3
 Cause Fear               Hex            2%         N/A       88%         4

Inventory:

Hand Weapons
 a - a +1 sling (weapon)
Armour
 e - a +0 leather armour (worn)
Potions
 d - a potion of brilliance {unknown}

Dungeon Overview and Level Annotations

Branches:
Dungeon (2/15)

Altars:

Shops:
D:1 :


Message History

The dart slug bites you but does no damage.
You shoot a sling bullet. The sling bullet hits the dart slug.
The dart slug is moderately wounded.
The bat hits you but does no damage. x2; The rat bites you.
The adder bites you.
You are poisoned.
The adder poisons you!
You shoot a sling bullet. The sling bullet hits the dart slug!
The dart slug is almost dead.
You feel sick. The bat misses you. You furiously retaliate!
You headbutt the bat. The adder bites you but does no damage.
The rat bites you. The dart slug launches a dart at you.
The slug dart hits you. The adder closely misses you. The rat bites you.
592 ||| STAIRDANCE You feel sick.
The bat barely misses you. You furiously retaliate!
You headbutt the bat!
You kill the bat!
The dart slug bites you but does no damage.
The adder bites you. The rat barely misses you.
You climb upwards.
You feel sick.
You are no longer poisoned.
There is a stone staircase leading down here.
Enter note:
Enter note:
Enter note: You shoot a sling bullet.
The sling bullet hits the dart slug.
You kill the dart slug!
The adder bites you but does no damage. The adder bites you.
You are lethally poisoned!
The adder poisons you!
You shoot a sling bullet.
The sling bullet hits the adder but does no damage.
You feel sick. The adder barely misses you. The rat closely misses you.
The adder barely misses you.
You shoot a sling bullet. The sling bullet misses the adder.
You feel sick. The rat barely misses you. The adder barely misses you.
The rat barely misses you.
You shoot a sling bullet.
The sling bullet closely misses the adder.
You feel sick. The adder bites you.
You die...

####.###
#......#
#.#.#.###
#......#
#......#
#.....#
#.##.#.#
#########
###.###
#.##.#.#
#...##### #.#
#.##.#.#
#.#.....# #.#
#.##.#.#
#...###.# #.#
#......#
##.##
#.#####.# ##
####.######S#
#.......####.
#......r@#
######.......
##########
#.###...
#.##....
#.##....
#.##.#..
#......#
####.### #.#
#.#


You could see an adder and a rat.

Vanquished Creatures
  A dart slug (D:1)
  A bat (D:2)
  A goblin (D:1)
  A hobgoblin (D:1)
  A ball python (D:1)
  2 frilled lizards (D:1)
  3 kobolds (D:1)
  A rat (D:1)
11 creatures vanquished.

Notes
Turn   | Place    | Note
-------+----------+-------------------------------------------
     0 | D:1      | qw the Minotaur Hexslinger began the quest for the Orb.
     0 | D:1      | Reached XP level 1. HP: 16/16 MP: 1/1
     0 | D:1      | 0 ||| qw: Version: 0.3-a-46-gb1f654a
     0 | D:1      | 0 ||| qw: Game counter: 1293
     0 | D:1      | 0 ||| qw: Melee chars always use a shield: true
     0 | D:1      | 0 ||| qw: God list: Okawaru
     0 | D:1      | 0 ||| qw: Allow faded altars: false
     0 | D:1      | 0 ||| qw: Do Orc after clearing Dungeon:15 true
     0 | D:1      | 0 ||| qw: Do second Lair branch before Depths: true
     0 | D:1      | 0 ||| qw: Lair rune preference: random
     0 | D:1      | 0 ||| qw: Goals: Normal
     0 | D:1      | 0 ||| PLANNING D:1-11
    46 | D:1      | Found a faded altar of an unknown god.
    75 | D:1      | Found Ryunlish's Book Boutique.
   354 | D:1      | Reached skill level 3 in Ranged Weapons
   359 | D:1      | Reached XP level 2. HP: 21/23 MP: 2/2
   548 | D:1      | 548 ||| UPGRADING to +0 leather armour.
   558 | D:1      | 558 ||| DROPPING +0 robe.
   559 | D:1      | 559 ||| DROPPING scroll of poison.
   592 | D:2      | 592 ||| STAIRDANCE
   594 | D:1      | HP: 5/23 [adder (2)]
   596 | D:1      | HP: 2/24 [poisoned by an adder]
   597 | D:1      | Slain by an adder

Levels and vault maps discovered:
D:1:      mrwooster_arrival_statue_3, layout_loops_cross, serial_shops, shop,
          shapermc_ecumenical_altar_pompeii, minmay_pentomino_z2
D:2:      layout_rooms, basic_altar, grunt_ministairs_7

Skill      XL: |  1 |
---------------+----+-----
Ranged Weapons | 3 |  3.0
Fighting       | |  1.8
Dodging        | |  2.1
Spellcasting   | |  1.0
Hexes          | |  2.0

Action                     || total
---------------------------++-------
   Fire: Sling             ||    29
 Armour: Robe              ||     1
         Leather armour    ||     6
  Dodge: Dodged            ||    16

Table legend:
 A = Non-vault XP
 B = Vault XP
 C = Vault XP percentage of total XP
 D = Non-vault monster count
 E = Vault monster count
 F = Vault count percentage of total count
                 A         B        C        D         E       F
            +---------+---------+-------+---------+---------+-------
      Total |      14 |       5 |  26.3 |       8 |       3 |  27.3
            +---------+---------+-------+---------+---------+-------
        D:1 |      14 |       3 |  17.6 |       8 |       2 |  20.0
        D:2 |       0 |       2 | 100.0 |       0 |       1 | 100.0
            +---------+---------+-------+---------+---------+-------
